 Dungeon Crawl Stone Soup version 0.29-a0-111-gbaf749a769 (webtiles) character file.

Game seed: 11885447170885243471

3316 Hubjo the Covert (level 9, -16/54 HPs)
             Began as a Vampire Enchanter on Feb 17, 2022.
             Was a Believer of Kikubaaqudgha.
             Demolished by a two-headed ogre (21 damage)
             ... on level 9 of the Dungeon.
             The game lasted 00:31:42 (12437 turns).

Hubjo the Covert (Vampire Enchanter)               Turns: 12437, Time: 00:31:51

Health: -16/54     AC:  1    Str: 13    XL:     9   Next: 71%
Magic:  15/15      EV: 19    Int: 18    God:    Kikubaaqudgha [**....]
Gold:   409        SH:  0    Dex: 18    Spells: 9/17 levels left

rFire   . . .      SeeInvis +   D - +2 dagger (venom)
rCold   + + .      Faith    .   (no shield)
rNeg    + + +      Spirit   .   (no armour)
rPois   ∞          Reflect  .   (no helmet)
rElec   .          Harm     .   (no cloak)
rCorr   .          Rampage  .   (no gloves)
Will    .....                   r - +0 pair of boots
Stlth   +++++++...              (no amulet)
HPRegen 0.00/turn               e - +6 ring of strength
MPRegen 0.14/turn               p - +4 ring of evasion

@: bloodless, inhibited regen
A: bloodless, fangs 3, see invisible, vampiric 2
a: Bat Form, Revivify, Renounce Religion, Receive Corpses


You were on level 9 of the Dungeon.
You worshipped Kikubaaqudgha.
Kikubaaqudgha was pleased with you.
You visited 2 branches of the dungeon, and saw 10 of its levels.

You collected 451 gold pieces.
You spent 42 gold pieces at shops.

Inventory:

Hand Weapons
 a - a +1 dagger
 c - a +2 scythe of flaming
 s - a -2 dagger
 u - a +0 short sword of venom
 D - a +2 dagger of venom (weapon)
Missiles
 t - 9 poisoned darts
Armour
 b - a +0 robe
 r - a +0 pair of boots (worn)
 z - a +2 scale mail of cold resistance
Jewellery
 e - a +6 ring of strength (left hand)
 o - an amulet of the acrobat
 p - a +4 ring of evasion (right hand)
Wands
 d - a wand of flame (27)
 q - a wand of iceblast (16)
 v - a wand of polymorph (1)
 B - a wand of mindburst (4)
Scrolls
 h - a scroll of brand weapon {unknown}
 i - 2 scrolls of vulnerability
 m - 2 scrolls of immolation
 A - a scroll of acquirement {unknown}
Potions
 n - 2 potions of attraction
 x - 2 potions of degeneration (quivered)
 C - 2 potions of invisibility


   Skills:
 + Level 5.1 Fighting
 + Level 5.7 Short Blades
 + Level 6.1 Dodging
 * Level 12.1 Stealth
 + Level 4.5 Spellcasting
 + Level 8.5 Hexes


You had 9 spell levels left.
You knew the following spells:

 Your Spells              Type           Power      Damage    Failure   Level
a - Ensorcelled Hibernat  Hex/Ice        38%        N/A       3%          2
b - Dazzling Flash        Conj/Hex       38%        N/A       7%          3
c - Tukima's Dance        Hex            35%        N/A       1%          3

Your spell library contained the following spells:

 Spells                   Type           Power      Damage    Failure   Level
 Confusing Touch          Hex            35%        N/A       1%          3
 Animate Skeleton         Necr           8%         N/A       14%         1
 Magic Dart               Conj           16%        1d3       14%         1
 Call Imp                 Summ           4%         N/A       22%         2
 Corpse Rot               Necr/Air       8%         N/A       22%         2
 Searing Ray              Conj           8%         2d4       22%         2
 Sublimation of Blood     Necr           4%         N/A       22%         2
 Fulminant Prism          Conj/Hex       9%         3d7       24%         4
 Gell's Gravitas          Tloc           4%         N/A       38%         3
 Lesser Beckoning         Tloc           4%         N/A       38%         3
 Mephitic Cloud           Conj/Pois/Air  4%         N/A       38%         3
 Teleport Other           Tloc           4%         N/A       38%         3
 Vampiric Draining        Necr           4%         2d6       38%         3


Dungeon Overview and Level Annotations

Branches:
Dungeon (9/15)             Temple (1/1) D:6            Lair (0/6) D:8
    Orc: D:9-12

Altars:
Ashenzari
Cheibriados
Dithmenos
Elyvilon
Fedhas
Gozag
Hepliaklqana
Kikubaaqudgha
Makhleb
Okawaru
Qazlal
Ru
Sif Muna
Trog
Uskayaw
Vehumet
Wu Jian
Xom
Yredelemnul
Zin
The Shining One

Shops:
D:2 *

Annotations:
D:4 2 runed translucent doors, cyrus's ghost, amateur MfFi


Innate Abilities, Weirdness & Mutations

You do not regenerate when monsters are visible.
You are frail without blood (-20% HP).
You can heal yourself when you bite living creatures.
You are immune to poison.
You have razor-sharp teeth.
You have supernaturally acute eyesight. (SInv)
You are afflicted with vampirism and can become a bat while bloodless.


Message History

Aim: a two-headed ogre, wielding a +0 giant spiked club and a +0 giant club The mass of ice explodes!
The iceblast engulfs the two-headed ogre!
The two-headed ogre is moderately wounded.
You barely miss the two-headed ogre.
The two-headed ogre is moderately wounded.
You hit the two-headed ogre but do no damage.
The two-headed ogre is poisoned.
The two-headed ogre is moderately wounded.
The two-headed ogre hits you with a +0 giant spiked club!
The two-headed ogre closely misses you.
You hit the two-headed ogre.
The two-headed ogre looks as sick as possible!
The two-headed ogre is moderately wounded.
The two-headed ogre closely misses you.
The two-headed ogre completely misses you.
You hit the two-headed ogre.
The two-headed ogre is heavily wounded.
You hit the two-headed ogre.
The two-headed ogre looks as sick as possible!
The two-headed ogre is heavily wounded.
The two-headed ogre barely misses you.
The two-headed ogre hits you with a +0 giant club!
You hit the two-headed ogre but do no damage.
The two-headed ogre looks as sick as possible!
The two-headed ogre is heavily wounded.
You hit the two-headed ogre.
The two-headed ogre looks as sick as possible!
You bite the two-headed ogre, but do no damage.
The two-headed ogre is severely wounded.
The two-headed ogre completely misses you.
The two-headed ogre hits you with a +0 giant club!!
* * * LOW HITPOINT WARNING * * *
As you read the scroll labelled OMNIGH GASOR, it crumbles to dust.
You speak a Word of immense power!
You are blasted by holy energy!
* * * LOW HITPOINT WARNING * * *
It was a scroll of holy word.
The two-headed ogre misses you.
The two-headed ogre hits you with a +0 giant club!!
You die...
Kikubaaqudgha rasps: "You have failed me!
Welcome... oblivion!"

######## #...[..#
#......# #......#
#......# #......+
#......# ###O# #..@#
#.### ####'#######
#..........#
#..........#
#..........#
#..........######.##
#..........'<......#
#..........#####....


You could see a two-headed ogre (extremely poisoned).

Vanquished Creatures
  Sigmund (D:2)
  Menkaure (D:4)
  5 water moccasins
  A black bear (D:5)
  An orc warrior (D:6)
  2 ice beasts
  A sky beast (D:5)
  A necrophage (D:7)
  3 ogres
  4 centaurs
  3 phantoms
  A scorpion (D:5)
  3 bullfrogs
  A gnoll sergeant (D:6)
  A water moccasin skeleton (D:6)
  4 wights (D:7)
  A centaur zombie (D:8)
  A bullfrog skeleton (D:6)
  A bullfrog zombie (D:6)
  3 orc priests
  3 iguanas
  An orc wizard (D:8)
  A hound zombie (D:4)
  A mummy (D:7)
  10 gnolls
  6 adders
  A shadow imp (D:5)
  A white imp (D:6)
  4 worms (D:2)
  A dart slug (D:2)
  7 orcs
  5 endoplasms
  2 giant cockroaches (D:3)
  18 goblins
  5 hobgoblins
  6 jackals
  3 quokkas
  8 ball pythons
  7 bats
  3 frilled lizards
  A goblin zombie (D:7)
  9 kobolds
  3 rats
145 creatures vanquished.

Vanquished Creatures (collateral kills)
  Blork the orc (D:4)
  An orc wizard (D:4)
2 creatures vanquished.

Vanquished Creatures (others)
  5 fungi (D:5)
5 creatures vanquished.

Grand Total: 152 creatures vanquished

Notes
Turn   | Place    | Note
-------+----------+-------------------------------------------
     0 | D:1      | Hubjo the Vampire Enchanter began the quest for the Orb.
     0 | D:1      | Reached XP level 1. HP: 13/13 MP: 3/3
   252 | D:1      | Reached XP level 2. HP: 20/20 MP: 5/5
   593 | D:1      | Reached skill level 1 in Fighting
  1073 | D:2      | Found Beich's Assorted Antiques.
  1081 | D:2      | Bought a scroll labelled PYIXZE PIATEIGGO for 21 gold
                  | pieces
  1141 | D:2      | Noticed Sigmund
  1185 | D:2      | Gained mutation: You are afflicted with vampirism and can
                  | become a bat while bloodless. [Vampire growth]
  1185 | D:2      | Reached XP level 3. HP: 16/26 MP: 6/6
  1195 | D:2      | Killed Sigmund
  1196 | D:2      | Reached skill level 6 in Stealth
  1196 | D:2      | Reached skill level 5 in Hexes
  1196 | D:2      | Reached XP level 4. HP: 10/33 MP: 7/7
  1196 | D:2      | Reached XP level 5. HP: 11/38 MP: 8/8
  2266 | D:2      | Bought a scroll labelled CIYCKIEQUGG for 21 gold pieces
  2706 | D:3      | Learned a level 2 spell: Ensorcelled Hibernation
  2710 | D:3      | Learned a level 3 spell: Dazzling Flash
  2714 | D:3      | Learned a level 3 spell: Tukima's Dance
  2740 | D:3      | Found an ornate altar of the Wu Jian Council.
  2766 | D:3      | Found a faded altar of an unknown god.
  3261 | D:4      | Reached XP level 6. HP: 30/46 MP: 9/9
  3700 | D:4      | Noticed Menkaure
  3853 | D:4      | Reached skill level 7 in Stealth
  3989 | D:4      | Found a large runed translucent door.
  3989 | D:4      | Found a large runed translucent door.
  3991 | D:4      | Noticed cyrus's ghost (amateur MfFi)
  4179 | D:4      | Killed Menkaure
  4318 | D:4      | Found a blossoming altar of Fedhas.
  4346 | D:4      | Noticed Blork the orc
  4352 | D:4      | Killed Blork the orc
  4353 | D:4      | Reached XP level 7. HP: 41/41 MP: 0/10
  4935 | D:5      | Entered Level 5 of the Dungeon
  5005 | D:5      | Reached skill level 8 in Stealth
  5731 | D:5      | Found a shimmering blue altar of Sif Muna.
  5799 | D:5      | Reached XP level 8. HP: 28/48 MP: 12/12
  6071 | D:5      | Reached skill level 9 in Stealth
  6536 | D:6      | Found a staircase to the Ecumenical Temple.
  6544 | Temple   | Entered the Ecumenical Temple
  7098 | D:3      | Prayed at the altar of an unknown god.
  7098 | D:3      | Became a worshipper of Kikubaaqudgha
  7098 | D:3      | Reached * piety under Kikubaaqudgha
  7098 | D:3      | Received a gift from Kikubaaqudgha
  7276 | D:6      | Reached skill level 5 in Dodging
  7276 | D:6      | Reached skill level 10 in Stealth
  7634 | D:6      | Found a shimmering altar of Xom.
  7765 | D:6      | Reached XP level 9. HP: 42/52 MP: 14/14
  7946 | D:6      | Reached skill level 5 in Short Blades
  9528 | D:7      | Reached skill level 11 in Stealth
  9868 | D:7      | Reached ** piety under Kikubaaqudgha
 10937 | D:8      | Reached skill level 5 in Fighting
 11547 | D:8      | Reached skill level 12 in Stealth
 12425 | D:9      | Noticed a two-headed ogre
 12437 | D:9      | Demolished by a two-headed ogre

Illustrated notes

Levels and vault maps discovered:
D:1:      dpeg_arrival_water_temple_mockup, layout_basic
D:2:      minmay_thinvault, layout_rooms, serial_shops, shop_fountains,
          uniq_sigmund
D:3:      layout_loops_ring, nicolae_wu_jian_wuxing_cycle,
          ebering_ecumenical_altar_rust, corexii_item_surrounded_by_moat
D:4:      minmay_spotlight, layout_loops_corners,
          nicolae_overflow_crystal_walls, kennysheep_mini,
          ebering_ghost_disaster_area, kennysheep_doodads, st_stairs_3,
          uniq_menkaure, uniq_blork_the_orc
D:5:      layout_rooms, mainiacjoe_overflow_alcove_2, serial_aquarium,
          aquarium_bridge_square [aquarium_subvault_bridge,
          aquarium_subvault_window, aquarium_subvault_bridge,
          aquarium_subvault_window], aquarium_window_2, aquarium_window_1,
          aquarium_view_2a
D:6:      layout_basic, xom_redecorated, minmay_temple_entry_nine_rooms
D:7:      layout_loops_corners, mainiacjoe_overflow_cross_hatched,
          nicolae_ossuary_entry_giza, enter_bailey_5, minivault_4
D:8:      layout_basic, nemelex_diamond_rough_becter, lair_entry_dummy,
          st_stairs_7, minmay_misc_feat_chi, minivault_23
D:9:      layout_roguey, serial_glass, glass_columns_a, glass_columns_a,
          uniq_joseph
Temple:   regret_index_temple_waves

Skill      XL: |  1  2  3  4  5  6  7  8  9 |
---------------+----------------------------+-----
Fighting       | 1 2 3 4 5 |  5.1
Short Blades   | 2 3 4 5 |  5.7
Dodging        | 3 4 5 6 |  6.1
Stealth        | 6 7 8 10 12 | 12.1
Hexes          | 5 6 7 8 |  8.5
Spellcasting   | 3 4 |  4.5

Action                   |  1- 3 |  4- 6 |  7- 9 || total
-------------------------+-------+-------+-------++-------
Melee: Dagger            |   106 |   206 |   162 ||   474
       Bite              |     7 |    25 |    48 ||    80
       Punch             |     1 |     5 |     2 ||     8
       Short sword       |       |    35 |   172 ||   207
       Scythe            |       |     4 |       ||     4
 Cast: Ensorcelled Hiber |       |     3 |     3 ||     6
       Tukima's Dance    |       |     3 |       ||     3
 Abil: Exsanguinate      |       |     1 |       ||     1
Evoke: Wand              |       |       |     1 ||     1
  Use: Potion            |     3 |     1 |     4 ||     8
       Scroll            |     2 |       |    14 ||    16
 Stab: Sleeping          |     6 |    15 |    26 ||    47
       Invisible         |     3 |       |       ||     3
       Distracted        |       |       |     1 ||     1
Armor: Robe              |    17 |    21 |     6 ||    44
       Skin              |    13 |     4 |     7 ||    24
Dodge: Dodged            |    58 |   116 |   271 ||   445

Table legend: (Time is in decaauts)
 A = Elapsed time spent in this place.
 B = Non-inter-level travel time spent in this place.
 C = Inter-level travel time spent in this place.
 D = Time resting spent in this place.
 E = Time spent auto-exploring this place.
 F = Levels seen in this place.
 G = Mean time per level.
                   A        B        C        D        E       F      G
               +--------+--------+--------+--------+--------+-----+--------+
         Total |  12357 |  11828 |    529 |   3751 |   5141 |  10 | 1235.7 |
       Dungeon |  12060 |  11531 |    529 |   3751 |   5141 |   9 | 1340.0 |
        Temple |    297 |    297 |      0 |      0 |      0 |   1 |  297.0 |
               +--------+--------+--------+--------+--------+-----+--------+

Top non-repeatable levels by time:
     D:6: 2025 daAuts
     D:8: 1840 daAuts
     D:4: 1641 daAuts
     D:5: 1505 daAuts
     D:7: 1414 daAuts
     D:2: 1325 daAuts
     D:3: 1303 daAuts
     D:1: 974 daAuts
  Temple: 297 daAuts
     D:9: 29 daAuts
